 Dungeon Crawl Stone Soup version 0.30.1-3-gfc49f6343a (webtiles) character file.

Game seed: 10626018351674140610

1710682 babooboo the Minotaur Barricade (level 26, 262/262 HPs)
             Began as a Minotaur Berserker on Aug 2, 2023.
             Was an Elder of Trog.
             Escaped with the Orb
             ... and 3 runes!
             The game lasted 02:10:26 (65761 turns).

babooboo the Minotaur Barricade (MiBe)             Turns: 65761, Time: 02:10:27

Health: 262/262    AC: 40    Str: 36      XL:     26   Next: 33%
Magic:  28/28      EV: 13    Int:  3 (4)  God:    Trog [****..]
Gold:   5592       SH: 24    Dex:  6      Spells: 25/25 levels left

rFire   + + .        w - +9 broad axe (freeze)
rCold   + + .        W - +2 tower shield {rF+}
rNeg    + + +        s - +8 plate armour of Kuteklom {rPois rN++ MP+9 Int-3}
rPois   +            J - +2 hat {Will+}
rElec   .            O - scarf {rC+ rF+}
rCorr   +            Q - +2 pair of gloves of Lifelessness {+Inv rC+ rN+ Str+2 Dex-3}
SInv    +            H - +2 pair of boots {Fly}
Will    +++..        h - amulet "Xoplest" {rPois rN+ Regen+ Dex+2} Stlth
                     r - ring of resist corrosion
HPRegen 1.43/turn    o - ring of Curiosity {Will+ Int+2 SInv}
MPRegen 0.21/turn

%: clarity
@: flying, studying 5 skills
A: horns 2, retaliatory headbutt, hooves 1, clarity, clumsy 2, deterioration 2,
low MP 1, poison resistance, strong 1
0: Orb of Zot
}: 3/15 runes: decaying, serpentine, silver
a: Renounce Religion, Evoke Invisibility, Berserk, Trog's Hand, Brothers in Arms


You escaped.
You worshipped Trog.
Trog was greatly pleased with you.
You visited 9 branches of the dungeon, and saw 47 of its levels.
You also visited: Trove, Sewer, Bailey, Ice Cave and Desolation.

You collected 9340 gold pieces.
You spent 3748 gold pieces at shops.

Inventory:

Hand Weapons
 m - the +5 glaive of the Guard {elec, spectral, AC+5}
   (You took it off a deep elf high priest on level 3 of the Elven Halls)

   AC:        It affects your AC (+5).
 w - a +9 broad axe of freezing (weapon)
 A - a +2 broad axe of flaming
Missiles
 P - 3 javelins (quivered)
Armour
 s - the +8 plate armour of Kuteklom (worn) {rPois rN++ MP+9 Int-3}
   (You found it in the Desolation of Salt)

   Int:       It affects your intelligence (-3).
   rPois:     It protects you from poison.
   rN:        It greatly protects you from negative energy.
   MP:        It affects your magic capacity (+9).
 v - the +1 chain mail of Reutiupe {rElec rC+++ Int-4 Dex-3}
   (You found it on level 5 of the Vaults)

   Int:       It affects your intelligence (-4).
   Dex:       It affects your dexterity (-3).
   rC:        It renders you almost immune to cold.
   rElec:     It insulates you from electricity.
 H - a +2 pair of boots of flying (worn)
 J - a +2 hat of willpower (worn)
 O - a scarf of resistance (worn)
 Q - the +2 pair of gloves of Lifelessness (worn) {+Inv rC+ rN+ Str+2 Dex-3}
   (You bought it in a shop on level 2 of the Orcish Mines)

   Str:       It affects your strength (+2).
   Dex:       It affects your dexterity (-3).
   rC:        It protects you from cold.
   rN:        It protects you from negative energy.
   +Inv:      It lets you turn invisible.
 W - a +2 tower shield of fire resistance (worn)
 X - +0 gold dragon scales
Jewellery
 f - an amulet of reflection
 h - the amulet "Xoplest" (around neck) {rPois rN+ Regen+ Dex+2}
   (You found it on level 1 of the Vaults)

   [amulet of regeneration]

   Dex:       It affects your dexterity (+2).
   rPois:     It protects you from poison.
   rN:        It protects you from negative energy.
   Regen:     It increases your rate of health regeneration.
 o - the ring of Curiosity (right hand) {Will+ Int+2 SInv}
   (You found it in an ice cave)

   [ring of see invisible]

   Int:       It affects your intelligence (+2).
   SInv:      It lets you see invisible.
   Will:      It increases your willpower.
 r - a ring of resist corrosion (left hand)
 u - the amulet "Ryaheuff" {Faith Rampage rElec rF- Int+3}
   (You found it in the Desolation of Salt)

   [amulet of faith]

   It allows you to gain divine favour quickly.
   Int:       It affects your intelligence (+3).
   rF:        It makes you vulnerable to fire.
   rElec:     It insulates you from electricity.
   Rampage:   It bestows one free step when moving towards enemies.
 I - the ring of Sipicec {rPois rF+ Dex+4}
   (You acquired it on level 3 of the Snake Pit)

   [ring of protection from fire]

   Dex:       It affects your dexterity (+4).
   rF:        It protects you from fire.
   rPois:     It protects you from poison.
 K - the ring of Altruism {rElec rF- Int+6 Dex+3}
   (You took it off a deep elf sorcerer on level 3 of the Elven Halls)

   [ring of intelligence]

   Int:       It affects your intelligence (+6).
   Dex:       It affects your dexterity (+3).
   rF:        It makes you vulnerable to fire.
   rElec:     It insulates you from electricity.
 Y - the amulet of the Tormentor {rC+ Will+ Regen+}
   (You took it off an ironbound convoker on level 5 of the Vaults)

   [amulet of regeneration]

   rC:        It protects you from cold.
   Regen:     It increases your rate of health regeneration.
   Will:      It increases your willpower.
Wands
 e - a wand of iceblast (61)
 l - a wand of digging (18)
 t - a wand of polymorph (2)
 C - a wand of quicksilver (41)
 L - a wand of charming (2)
Scrolls
 c - a scroll of torment
 j - 7 scrolls of fog
 k - 6 scrolls of silence
 y - 11 scrolls of teleportation
 z - 2 scrolls of blinking
 D - 10 scrolls of magic mapping
 E - a scroll of summoning
 F - 6 scrolls of immolation
 M - 32 scrolls of identify
 V - 3 scrolls of fear
Potions
 d - 16 potions of curing
 g - 3 potions of mutation
 i - 10 potions of heal wounds
 n - 10 potions of lignification
 q - a potion of ambrosia
 B - 10 potions of attraction
 G - 2 potions of magic
 R - a potion of cancellation
 S - 6 potions of might
 T - a potion of resistance
Miscellaneous
 p - a lightning rod (4/4)
 N - a piece from Xom's chessboard (15/15)
 U - a condenser vane


   Skills:
 + Level 26.3 Fighting
 + Level 26.2 Axes
 - Level 9.3 Throwing
 + Level 26.1 Armour
 + Level 19.9 Dodging
 O Level 27 Shields
 - Level 16.3 Evocations


You had 25 spell levels left.
You didn't know any spells.
Your spell library contained the following spells:

 Spells                   Type           Power      Damage    Failure   Level
 Sting                    Tmut/Pois      0%         1d3       83%         1
 Ensorcelled Hibernation  Hex/Ice        0%         N/A       92%         2
 Momentum Strike          Conj/Tloc      0%         3d8       92%         2
 Confusing Touch          Hex            0%         N/A       99%         3
 Ignite Poison            Fire/Tmut/Pois 0%         N/A       99%         3
 Spider Form              Tmut/Pois      0%         N/A       99%         3
 Stone Arrow              Conj/Erth      0%         3d7       99%         3
 Swiftness                Air            0%         N/A       99%         3
 Anguish                  Hex/Necr       0%         N/A       100%        4
 Dispel Undead            Necr           0%         3d6       100%        4
 Ice Form                 Ice/Tmut       0%         N/A       100%        4
 Sticky Flame             Conj/Fire      0%         2d3       100%        4
 Metabolic Englaciation   Hex/Ice        0%         N/A       100%        5
 Iron Shot                Conj/Erth      0%         9d1       100%        6
 Malign Gateway           Summ/Tloc      0%         N/A       100%        7
 Discord                  Hex            0%         N/A       100%        8
 Ignition                 Fire           0%         3d3       100%        8
 Maxwell's Capacitive Co  Air            0%         ∞         100%        8


Dungeon Overview and Level Annotations

Branches:
Dungeon (15/15)            Temple (0/1) D:5            Lair (5/5) D:9
  Swamp (4/4) Lair:2        Snake (4/4) Lair:3        Slime (0/5) Lair:5
    Orc (2/2) D:9             Elf (3/3) Orc:2        Vaults (5/5) D:14
  Crypt (0/3) Vaults:2     Depths (4/4) D:15            Zot (5/5) Depths:4
  Sewer (visited)          Bailey (visited)           IceCv (visited)
Desolation (visited)

Altars:
Ashenzari
Cheibriados
Gozag
Hepliaklqana
Kikubaaqudgha
Nemelex Xobeh
Ru
Trog
Yredelemnul
The Shining One
Jiyva

Shops:
D:9 ?[:?   D:13 ?   Orc:2 ![[:   Elf:2 *   Elf:3 !   Snake:2 ==:   Snake:3 (
Vaults:1 [   Vaults:3 [   Vaults:4 *   Vaults:5 [   Depths:3 [!?

Portals:
Hell: Depths:1 Depths:2 Depths:3 Depths:4
Abyss: Depths:2 Depths:3
Pandemonium: Depths:2 Depths:3
Ziggurat: Depths:3

Annotations:
Elf:2 3 runed translucent doors
Vaults:4 3 runed translucent doors, exclusion: obsidian statue, Getoffmy's ghost, veteran GrFi
Depths:2 2 transporters


Innate Abilities, Weirdness & Mutations

You have a pair of horns on your head.
You reflexively headbutt those who attack you in melee.
You have large cloven feet.
You possess an exceptional clarity of mind.
You are very clumsy. (Dex -4)
Your body often deteriorates upon taking damage.
Your magical capacity is low. (-10% MP)
Your system is resistant to poisons. (rPois)
Your muscles are strong. (Str +4, Int/Dex -1)


Message History

Trog accepts your kill.
You barely miss the Orb Guardian. You block the Orb Guardian's attack.
The Orb Guardian misses you. You furiously retaliate!
You headbutt the Orb Guardian!
The Orb Guardian hits you but does no damage.
You slice the Orb Guardian!! You freeze the Orb Guardian.
You headbutt the Orb Guardian, but do no damage.
The Orb Guardian is almost dead.
You block the Orb Guardian's attack.
You chop the Orb Guardian into pieces!!!
You freeze the Orb Guardian.
You kill the Orb Guardian!
Trog accepts your kill.
You feel your strength returning.
Your skin crawls.
You feel strong-willed.
Aiming: Dig
Press: ? - help, Shift-Dir - straight line A rock wall.
This square is covered in magical glow.
The rock shatters into small pieces.
There is an escape hatch in the ceiling here.
Okay, then.
A mysterious force pulls you upwards. The hatch slams shut behind you.
You feel the effects of Trog's Hand fading.
Your skin stops crawling.
You feel less strong-willed.
A rust devil comes into view.
The rust devil screeches!
You slash the rust devil! You freeze the rust devil.
You headbutt the rust devil, but do no damage.
The rust devil is moderately wounded.
You slice the rust devil!! You freeze the rust devil.
Your headbutt misses the rust devil.
The rust devil is almost dead.
The rust devil barely misses you.
You slash the rust devil! You freeze the rust devil.
You kill the rust devil!
Trog accepts your kill.
There is a staircase leading out of the dungeon here.
You have escaped!

...##...## ##.##P..~~~~
.........#############....P...~~~
...........................PP.~~♣
..†.......############.........~~
.........###.....#####..........♣
........##.........##)...........
....#..##.....#.....##...##.#####
##..#..#.....###.....###.##.# #
....#.##.....# #@....###.##.#
#...#.#.....## ##.....##.##.#
#.....#..#..# #..#..##.##.#
....#.#..#..# #..#..##.##.#
#.#...#.....## ##.....#..##.#
......##.....# #.....##.###.#
...÷#..#.....###.....#..###.#####
..#.##.##...........##...........
.##.##..##....#....##...###.#####


There were no monsters in sight!

Vanquished Creatures
  4 ancient liches
  3 dread liches
  5 orbs of fire
  Sojobo (Depths:4)
  Josephina (Depths:4)
  3 Killer Klowns
  5 curse toes (Zot:4)
  Frederick (Depths:4)
  Vashnia (Snake:4)
  5 caustic shrikes (Depths:4)
  12 golden dragons
  Jory (Vaults:4)
  the Enchantress (Depths:1)
  An electric golem (Zot:5)
  A bone dragon (Depths:4)
  2 hellephants (Depths:1)
  28 Orb Guardians
  13 tentacled monstrosities
  An Ice Fiend (Depths:4)
  Zenata (Vaults:2)
  3 liches
  A deep elf blademaster (Elf:3)
  4 quicksilver dragons
  2 deep elf master archers (Elf:3)
  3 titans (Vaults:5)
  Frances (Snake:1)
  Gastronok (Lair:1)
  2 sphinxes
  13 death cobs
  A thorn hunter (Swamp:4)
  11 shadow dragons
  Donald (Snake:4)
  7 tengu reavers
  9 storm dragons
  6 draconian monks
  7 draconian knights
  5 nagarajas
  8 fire giants
  5 draconian scorchers
  10 frost giants
  15 vault wardens
  4 ghost moths
  3 imperial myrmidons (Desolation)
  13 deep elf sorcerers
  Aizul (Snake:4)
  5 deep elf elementalists (Elf:3)
  5 iron dragons
  3 orc warlords (Vaults:4)
  Louise (Elf:2)
  7 draconian shifters
  3 draconian annihilators
  5 draconian stormcallers
  20 ironbound preservers
  4 spriggan defenders
  16 very ugly things
  2 war gargoyles (Vaults:5)
  3 vampire knights
  15 stone giants
  14 black draconians
  4 ironbound thunderhulks
  6 deep elf demonologists
  11 green draconians
  Azrael (D:14)
  5 eleionomae
  9 deep elf annihilators
  9 red draconians
  9 white draconians
  12 yellow draconians
  14 purple draconians
  A halazid warlock (Desolation)
  7 bunyips
  8 dire elephants
  6 deep elf death magi
  9 ettins
  A blizzard demon (Depths:2)
  A crystal guardian (Desolation)
  10 fire dragons
  16 yaktaur captains
  7 great orbs of eyes
  9 ragged hierophants (Desolation)
  10 deep elf high priests
  2 jiangshi (Depths:1)
  A quicksilver dragon zombie (Vaults:5)
  24 hydras
  3 shambling mangroves
  A hell beast (Depths:1)
  4 rakshasas
  31 vault guards
  2 ghost crabs
  8 ice dragons
  8 peacekeepers
  6 servants of whispers (Desolation)
  Erolcha (Orc:2)
  An ogre mage (Vaults:5)
  7 spriggan air magi
  11 alligators
  10 anacondas
  A catoblepas (Lair:2)
  3 boulder beetles
  10 ironbound frosthearts
  9 dancing weapons
  13 centaur warriors
  3 two-headed ogres
  11 tengu warriors
  5 death yaks (Lair:2)
  8 deep troll shamans
  An orc high priest (Elf:1)
  9 shock serpents
  12 naga warriors
  3 vampire magi
  10 hell knights
  A titan zombie (Vaults:5)
  12 deep troll earth magi
  7 hell hogs (Depths:1)
  12 naga sharpshooters
  4 spriggan berserkers
  Urug (Lair:5)
  A sun demon (Depths:3)
  10 deep elf knights
  An iron troll (shapeshifter) (Vaults:5)
  4 salamander mystics
  13 iron trolls
  3 shadow wraiths (Vaults:5)
  5 goliath frogs
  A sea snake (shapeshifter) (Vaults:5)
  66 deep trolls
  6 naga ritualists
  10 spriggan druids
  A sea snake (Snake:3)
  An orange crystal statue (D:10)
  2 glowing orange brains
  7 swamp dragons
  7 lindwurms
  A spectral hydra (Lair:2)
  15 ironbound convokers
  11 phantasmal warriors
  25 deep elf pyromancers
  7 necromancers
  10 wizards
  18 deep elf archers
  8 mana vipers
  5 bog bodies
  30 deep elf zephyrmancers
  8 orc knights
  5 oklob plants (Lair:5)
  12 orc sorcerers (Orc:2)
  A will-o-the-wisp (Swamp:2)
  21 salamanders
  26 ugly things
  2 cyclopes
  A large abomination (D:9)
  A manticore (D:14)
  19 vault sentinels
  An elephant (shapeshifter) (Vaults:2)
  35 moths of wrath
  13 guardian serpents
  13 naga magi
  2 rust devils
  23 black mambas
  A smoke demon (Depths:2)
  2 ice statues (IceCv)
  A molten gargoyle (Desolation)
  10 apocalypse crabs (Zot:4)
  A titan simulacrum (Vaults:5)
  2 gargoyles
  A storm dragon simulacrum (Depths:4)
  An orange demon (Depths:2)
  Maggie (Lair:1)
  3 rime drakes
  4 komodo dragons
  11 cane toads
  A tormentor (D:2)
  31 yaktaurs
  2 kobold demonologists
  5 tengu conjurers
  An ice devil (D:13)
  10 trolls
  A meliai (D:14)
  2 hellwings
  9 tyrant leeches
  A bloated husk (Swamp:2)
  9 polar bears
  Grinder (D:5)
  26 hornets
  69 saltlings (Desolation)
  8 blink frogs
  A slime creature (shapeshifter) (Vaults:5)
  6 dream sheep (Lair:5)
  29 slime creatures
  Sigmund (D:4)
  A shadow (D:7)
  12 water elementals
  4 air elementals
  40 spriggans
  3 wyverns
  A dire elephant simulacrum (IceCv)
  A vampire (D:11)
  59 yaks
  4 basilisks
  6 fire elementals
  12 vampire mosquitoes
  2 steam dragons
  Eustachio (D:6)
  21 humans (D:14)
  A death yak simulacrum (IceCv)
  49 nagas
  8 wargs
  A spectral cane toad (Lair:2)
  17 swamp worms
  A spectral yak (Lair:2)
  3 hell hounds (D:14)
  An acid dragon (D:4)
  Duvessa (D:4)
  11 water moccasins
  6 swamp drakes (Swamp:4)
  3 ice beasts
  A black bear (Lair:5)
  10 orc warriors
  A spectral blink frog (Lair:2)
  A sky beast (D:8)
  8 ogres
  2 boggarts (Lair:5)
  A phantom (D:3)
  30 wolves
  15 centaurs
  8 kobold brigands
  11 bullfrogs
  Blork the orc (D:4)
  2 gnoll sergeants
  2 earth elementals
  2 scorpions (D:5)
  A cane toad simulacrum (D:13)
  2 two-headed ogre simulacra (D:13)
  5 wights (D:7)
  Dowan (D:4)
  14 killer bees
  4 electric eels
  4 hounds
  2 jellies (D:6)
  Crazy Yiuf (D:3)
  A gnoll bouda (D:9)
  A sleepcap (D:7)
  3 orc priests
  Terence (D:3)
  Natasha (thrice) (D:3)
  3 iguanas (D:5)
  29 orc wizards
  A troll simulacrum (D:13)
  2 hell rats (Lair:5)
  3 spriggan simulacra
  3 wolf simulacra
  Robin (D:2)
  8 adders
  14 gnolls
  A naga simulacrum (D:13)
  9 river rats
  2 shadow imps
  2 white imps (D:6)
  2 ufetubi
  4 worms
  5 dart slugs
  51 orcs
  9 ball pythons
  4 endoplasms
  5 giant cockroaches
  11 hobgoblins
  6 quokkas
  8 bats
  10 frilled lizards
  14 goblins
  27 kobolds
  12 rats
  2 spectral weapons (Zot:5)
2106 creatures vanquished.

Vanquished Creatures (collateral kills)
  2 orbs of fire
  2 tentacled monstrosities
  An electric golem (Zot:5)
  A deep elf blademaster (Elf:3)
  A titan (Vaults:5)
  A tengu reaver (Depths:4)
  A fire giant (Vaults:5)
  2 nagarajas (Snake:4)
  A deep elf sorcerer (Elf:3)
  An orc warlord (Orc:2)
  2 ironbound preservers (Vaults:5)
  A draconian annihilator (Zot:1)
  A deep elf demonologist (Elf:3)
  An ironbound thunderhulk (Vaults:4)
  A red draconian (Zot:1)
  3 deep elf death magi (Elf:3)
  A deep elf high priest (Elf:3)
  A salamander tyrant (Snake:4)
  5 naga warriors (Snake:4)
  A deep troll earth mage (Depths:4)
  An orc high priest (Orc:2)
  A spriggan berserker (Depths:1)
  4 naga sharpshooters (Snake:4)
  A hell knight (Depths:4)
  3 salamander mystics (Snake:4)
  3 deep trolls (Vaults:5)
  2 swamp dragons (Swamp:4)
  A naga ritualist (Snake:4)
  A deep elf archer (Elf:3)
  An ironbound convoker (Vaults:5)
  A shadow dragon skeleton (Vaults:5)
  A deep elf zephyrmancer (Elf:3)
  A black mamba (Snake:4)
  A spriggan (Swamp:4)
  6 nagas (Snake:4)
58 creatures vanquished.

Vanquished Creatures (others)
  A draconian knight (Zot:4)
  3 fire giants
  A deep elf high priest (Elf:3)
  2 juggernaut simulacra (Depths:4)
  A deep elf knight (Elf:3)
  An iron troll (Depths:4)
  2 deep elf pyromancers (Elf:3)
  2 bloated husks
  A sky beast (D:4)
  An orc wizard (Orc:2)
  An orc (Orc:2)
  A kobold (D:13)
  A rat (Lair:5)
  4 foxfires (Swamp:2)
22 creatures vanquished.

Grand Total: 2186 creatures vanquished

Notes
Turn   | Place    | Note
-------+----------+-------------------------------------------
     0 | D:1      | babooboo the Minotaur Berserker began the quest for the
                  | Orb.
     0 | D:1      | Reached XP level 1. HP: 19/19 MP: 0/0
   166 | D:1      | Reached XP level 2. HP: 27/27 MP: 1/1
   517 | D:2      | Reached ** piety under Trog
   522 | D:2      | Reached XP level 3. HP: 15/33 MP: 2/2
   679 | D:2      | Found a faded altar of an unknown god.
   726 | D:2      | Noticed Robin
   742 | D:2      | Killed Robin
  1163 | D:2      | Reached XP level 4. HP: 40/40 MP: 3/3
  1707 | D:2      | Gained mutation: You are robust. (+10% HP) [potion of
                  | mutation]
  1847 | D:3      | Noticed Terence
  1857 | D:3      | Killed Terence
  1991 | D:3      | Found a sparkling altar of Nemelex Xobeh.
  2024 | D:3      | Noticed a phantom
  2032 | D:3      | Killed a phantom
  2033 | D:3      | Reached XP level 5. HP: 46/51 MP: 4/4
  2233 | D:3      | Found a runed translucent door.
  2234 | D:3      | Noticed Crazy Yiuf
  2574 | D:3      | Noticed Natasha
  2579 | D:3      | Killed Natasha
  2580 | D:3      | Reached skill level 5 in Fighting
  2580 | D:3      | Reached skill level 5 in Axes
  2677 | D:3      | Killed Crazy Yiuf
  2678 | D:3      | Reached XP level 6. HP: 61/61 MP: 5/5
  2861 | D:3      | Noticed Natasha
  2868 | D:3      | Killed Natasha
  2896 | D:3      | Noticed Natasha
  2914 | D:3      | Killed Natasha
  3073 | D:4      | Noticed an acid dragon
  3089 | D:4      | Killed an acid dragon
  3212 | D:4      | Noticed Dowan
  3213 | D:4      | Noticed Duvessa
  3221 | D:4      | Killed Dowan
  3226 | D:4      | Killed Duvessa
  3227 | D:4      | Reached skill level 5 in Armour
  3227 | D:4      | Reached XP level 7. HP: 68/68 MP: 6/6
  3301 | D:4      | Found a glowing drain.
  3309 | Sewer    | Entered a sewer
  3538 | Sewer    | Reached *** piety under Trog
  4053 | D:4      | Noticed Blork the orc
  4061 | D:4      | Killed Blork the orc
  4062 | D:4      | Reached skill level 5 in Dodging
  4169 | D:4      | Found a hazy altar of Hepliaklqana.
  4368 | D:4      | Noticed Sigmund
  4386 | D:4      | Killed Sigmund
  4911 | D:5      | Entered Level 5 of the Dungeon
  4922 | D:5      | Found a staircase to the Ecumenical Temple.
  4929 | D:5      | Reached XP level 8. HP: 74/78 MP: 7/7
  5342 | D:5      | Noticed Grinder
  5347 | D:5      | Killed Grinder
  6098 | D:6      | Reached skill level 1 in Shields
  6265 | D:6      | Found a broken altar of Ashenzari.
  6265 | D:6      | Noticed Eustachio
  6279 | D:6      | Killed Eustachio
  6280 | D:6      | Reached skill level 2 in Shields
  6497 | D:6      | Reached XP level 9. HP: 89/89 MP: 8/8
  6989 | D:7      | Reached skill level 3 in Shields
  7213 | D:7      | Reached skill level 4 in Shields
  7531 | D:7      | Reached **** piety under Trog
  7931 | D:8      | Reached skill level 5 in Shields
  8295 | D:8      | Noticed a centaur warrior
  8302 | D:8      | Killed a centaur warrior
  8303 | D:8      | Reached XP level 10. HP: 74/100 MP: 4/9
  8660 | D:9      | Reached skill level 6 in Shields
  8670 | D:9      | Reached skill level 10 in Fighting
  8670 | D:9      | Reached skill level 10 in Axes
  8710 | D:9      | Found a flagged portal.
  8723 | Bailey   | Entered a bailey
  9119 | D:9      | Found Hexzy's Magic Scroll Emporium.
  9130 | D:9      | Reached skill level 10 in Armour
  9130 | D:9      | Reached skill level 7 in Shields
  9133 | D:9      | Found Haebarilo's Book Emporium.
  9185 | D:9      | Found Kaixkel Leo's Antique Armour Emporium.
  9247 | D:9      | Found Vel Dati's Magic Scroll Emporium.
  9275 | D:9      | Bought a scroll of brand weapon for 142 gold pieces
  9275 | D:9      | Bought a scroll of blinking for 112 gold pieces
  9283 | D:9      | Bought a scroll of enchant weapon for 90 gold pieces
  9283 | D:9      | Bought a scroll of enchant weapon for 90 gold pieces
  9287 | D:9      | Bought a shimmering plate armour for 700 gold pieces
  9287 | D:9      | Identified the +0 plate armour of the Fresh God {rC+
                  | Slay+3} (You bought it in a shop on level 9 of the Dungeon)
  9287 | D:9      | Bought a pair of gloves for 112 gold pieces
  9312 | D:9      | Noticed a two-headed ogre
  9324 | D:9      | Killed a two-headed ogre
  9434 | D:9      | Found a snail-covered altar of Cheibriados.
  9435 | D:9      | Found a bloodstained altar of Trog.
  9519 | D:9      | Found a staircase to the Orcish Mines.
  9533 | D:9      | Reached XP level 11. HP: 111/111 MP: 10/10
  9692 | D:9      | Found a staircase to the Lair.
  9758 | D:9      | Reached skill level 8 in Shields
 10129 | D:10     | Entered Level 10 of the Dungeon
 10402 | D:10     | Noticed an orange crystal statue
 10631 | D:10     | You are sucked into a shaft and drop 3 floors!
 10633 | D:13     | Noticed a centaur warrior
 10645 | D:13     | Killed a centaur warrior
 10904 | D:13     | Noticed a four-headed hydra
 10914 | D:13     | Killed a one-headed hydra
 10915 | D:13     | Reached skill level 9 in Shields
 11124 | D:13     | Found Jill's Magic Scroll Shoppe.
 11174 | D:13     | Noticed a centaur warrior
 11176 | D:13     | Found a frozen archway.
 11188 | D:13     | Killed a centaur warrior
 11201 | D:13     | Noticed a four-headed hydra
 11202 | IceCv    | Entered an ice cave
 11202 | IceCv    | Noticed a white ugly thing
 11211 | IceCv    | Killed a white ugly thing
 11215 | IceCv    | Found a transporter.
 11219 | IceCv    | Noticed a white ugly thing
 11440 | IceCv    | Found a transporter.
 11449 | IceCv    | Killed a white ugly thing
 11459 | IceCv    | Identified the ring of Curiosity {Will+ Int+2 SInv}
 11467 | IceCv    | Reached XP level 12. HP: 111/123 MP: 8/11
 11517 | D:13     | Killed a one-headed hydra
 11521 | D:13     | Reached skill level 10 in Shields
 11685 | D:12     | Reached ***** piety under Trog
 12209 | D:11     | Noticed a two-headed ogre
 12216 | D:11     | Killed a two-headed ogre
 12433 | D:11     | Found a portal to a secret trove of treasure.
 12729 | D:10     | Reached skill level 11 in Shields
 13246 | D:10     | Noticed a two-headed ogre
 13494 | Lair:1   | Entered Level 1 of the Lair of Beasts
 13570 | Lair:1   | Noticed an eight-headed hydra
 13576 | Lair:1   | Killed a five-headed hydra
 13851 | Lair:1   | Noticed Gastronok
 13860 | Lair:1   | Killed Gastronok
 13860 | Lair:1   | Received a gift from Trog
 13861 | Lair:1   | Reached XP level 13. HP: 135/135 MP: 12/12
 14057 | Lair:1   | Noticed Maggie
 14067 | Lair:1   | Killed Maggie
 14453 | Lair:1   | Found a sparkling altar of Nemelex Xobeh.
 14739 | Lair:2   | Reached skill level 12 in Shields
 15520 | Lair:2   | Found a staircase to the Swamp.
 15937 | Lair:3   | Found a staircase to the Snake Pit.
 16600 | Lair:4   | Reached skill level 13 in Shields
 16705 | Lair:4   | Reached skill level 15 in Fighting
 16779 | Lair:4   | Reached skill level 15 in Axes
 16903 | Lair:4   | Reached XP level 14. HP: 148/148 MP: 13/13
 17382 | Lair:5   | Entered Level 5 of the Lair of Beasts
 17416 | Lair:5   | Found an ancient bone altar of Kikubaaqudgha.
 17516 | Lair:5   | Paralysed by a hornet for 2 turns
 17532 | Lair:5   | Reached skill level 15 in Armour
 17630 | Lair:5   | Identified the +4 hand axe "Lurchigidd" {flame, Str+3}
                  | (Trog gifted it to you on level 5 of the Lair of Beasts)
 17630 | Lair:5   | Received a gift from Trog
 17678 | Lair:5   | Noticed Urug
 17693 | Lair:5   | Killed Urug
 17939 | Lair:5   | Found a staircase to the Slime Pits.
 17940 | Lair:5   | Found a viscous altar of Jiyva.
 18270 | Lair:5   | Reached skill level 14 in Shields
 18321 | Lair:5   | Identified the quicksilver dragon scales of Boiling Hail
                  | {Will+ Int-4 Dex+6}
 18892 | D:14     | Noticed Nessos
 18893 | D:14     | Nessos changed into Nessos the meliai
 18893 | D:14     | Noticed Nessos
 18896 | D:14     | Killed Nessos the meliai
 18922 | D:14     | Found a glowing golden altar of the Shining One.
 18941 | D:14     | Noticed Azrael
 18956 | D:14     | Killed Azrael
 19093 | D:14     | Identified the +1 robe "Veguiguf" {Str+2}
 19581 | D:14     | Found a gate to the Vaults.
 19693 | D:15     | Entered Level 15 of the Dungeon
 20052 | D:15     | Found a staircase to the Depths.
 20210 | D:15     | Reached XP level 15. HP: 155/159 MP: 14/14
 20210 | D:15     | Identified the +1 spear of Ascent {heavy, Fly rC+ Str+2}
                  | (Trog gifted it to you on level 15 of the Dungeon)
 20210 | D:15     | Received a gift from Trog
 20643 | Orc:1    | Entered Level 1 of the Orcish Mines
 20667 | Orc:1    | Reached skill level 15 in Shields
 20800 | Orc:2    | Entered Level 2 of the Orcish Mines
 20887 | Orc:2    | Noticed Erolcha
 20902 | Orc:2    | Killed Erolcha
 21117 | Orc:2    | Found Jige's Distillery.
 21137 | Orc:2    | Found Iptoenlu's Armour Boutique.
 21143 | Orc:2    | Received a gift from Trog
 21296 | Orc:2    | Found Pis Othrerph's Armour Shoppe.
 21311 | Orc:2    | Found Dimun's Book Boutique.
 21360 | Orc:2    | Bought the +2 pair of gloves of Lifelessness {+Inv rC+ rN+
                  | Str+2 Dex-3} for 639 gold pieces
 21432 | Orc:2    | Found a staircase to the Elven Halls.
 21621 | Orc:2    | Reached skill level 1 in Evocations
 21744 | Orc:2    | Identified the +3 chain mail of Muhidd {rN+ Int+5}
 22066 | Elf:1    | Entered Level 1 of the Elven Halls
 23360 | Elf:1    | Paralysed by an air elemental for 1 turns
 23367 | Elf:1    | Paralysed by an air elemental for 1 turns
 23621 | Elf:1    | Paralysed by an air elemental for 1 turns
 23886 | Elf:1    | Reached ****** piety under Trog
 24273 | Elf:1    | Paralysed by an air elemental for 1 turns
 24278 | Elf:1    | Paralysed by an air elemental for 1 turns
 24528 | Swamp:1  | Entered Level 1 of the Swamp
 24977 | Swamp:1  | Reached skill level 16 in Shields
 25047 | Swamp:1  | Reached XP level 16. HP: 155/170 MP: 15/15
 25160 | Swamp:1  | Identified the +5 glaive "Uskurriy" {drain, Drain rElec rN+
                  | rCorr}
 25391 | Swamp:1  | Received a gift from Trog
 25644 | Swamp:2  | Paralysed by a hornet for 2 turns
 26133 | Swamp:2  | Reached skill level 5 in Evocations
 26789 | Swamp:3  | Noticed a tentacled monstrosity
 26797 | Swamp:3  | Killed a tentacled monstrosity
 27321 | Swamp:4  | Entered Level 4 of the Swamp
 27321 | Swamp:4  | Noticed a thorn hunter
 27331 | Swamp:4  | Killed a thorn hunter
 27797 | Swamp:4  | Reached skill level 17 in Shields
 28246 | Swamp:4  | Reached XP level 17. HP: 182/182 MP: 16/16
 28390 | Swamp:4  | Got a decaying rune of Zot
 28436 | Swamp:4  | Received a gift from Trog
 29055 | Snake:1  | Entered Level 1 of the Snake Pit
 29124 | Snake:1  | Noticed Frances
 29138 | Snake:1  | Killed Frances
 30457 | Snake:2  | Found Bygirgh's Book Boutique.
 30457 | Snake:2  | Found Geck's Jewellery Emporium.
 30458 | Snake:2  | Found Ygaocs's Jewellery Emporium.
 31997 | Snake:3  | Identified a scroll of acquirement
 31997 | Snake:3  | Acquired the ring of Sipicec {rPois rF+ Dex+4}
 32218 | Snake:3  | Found the +3 greatsling "Punk" {acid, rCorr}
 32321 | Snake:3  | Found Amyntoz's Antique Weapon Emporium.
 32978 | Snake:3  | Identified the +6 halberd of the Walnut {flame, Str+2 Int-3
                  | Dex+3} (Trog gifted it to you on level 3 of the Snake Pit)
 32978 | Snake:3  | Received a gift from Trog
 33273 | Snake:3  | Reached skill level 18 in Shields
 33554 | Snake:3  | Identified the staff of cold "Bureygit" {rC+ rCorr MP+9
                  | Str-4 Dex+6}
 33607 | Snake:4  | Entered Level 4 of the Snake Pit
 33850 | Snake:4  | Reached XP level 18. HP: 193/193 MP: 17/17
 34002 | Snake:4  | Noticed Vashnia
 34028 | Snake:4  | Killed Vashnia
 34387 | Snake:4  | Noticed Donald
 34406 | Snake:4  | Killed Donald
 34632 | Snake:4  | Noticed Aizul
 34640 | Snake:4  | Killed Aizul
 34640 | Snake:4  | Received a gift from Trog
 35008 | Snake:4  | Got a serpentine rune of Zot
 35454 | Depths:1 | Entered Level 1 of the Depths
 35722 | Vaults:1 | Entered Level 1 of the Vaults
 36551 | Vaults:1 | Reached skill level 19 in Shields
 36569 | Vaults:1 | Found Joaxel's Armour Shop.
 37026 | Vaults:1 | Reached XP level 19. HP: 199/205 MP: 18/18
 37319 | Vaults:1 | Identified the amulet "Xoplest" {rPois rN+ Regen+ Dex+2}
 38208 | Vaults:2 | Reached skill level 10 in Evocations
 38604 | Vaults:2 | Found a staircase to the Crypt.
 38604 | Vaults:2 | Found a basalt altar of Yredelemnul.
 38604 | Vaults:2 | Found an ancient bone altar of Kikubaaqudgha.
 39011 | Vaults:2 | Noticed Zenata
 39022 | Vaults:2 | Killed Zenata
 39331 | Vaults:3 | Found Fitulol's Antique Armour Boutique.
 39478 | D:11     | You paid a toll of 6 scrolls of fog to enter a treasure
                  | trove
 39479 | Trove    | Entered a treasure trove
 39782 | Elf:2    | Found a crumbling gateway.
 39808 | Desolati | Entered the Desolation of Salt
 39815 | Desolati | Reached skill level 1 in Throwing
 40040 | Desolati | Reached skill level 20 in Shields
 40081 | Desolati | Identified the +8 battleaxe "Yggics" {antimagic, +Blink
                  | SInv} (Trog gifted it to you in the Desolation of Salt)
 40081 | Desolati | Received a gift from Trog
 40217 | Desolati | Identified the +9 longbow of the Blushing Coward {flame,
                  | Str+3}
 40251 | Desolati | Identified the ring of Xom's Flight of Fancy {Dex+6 Stlth+}
 40305 | Desolati | Identified the +8 plate armour of Kuteklom {rPois rN++ MP+9
                  | Int-3}
 40437 | Desolati | Identified the amulet "Ryaheuff" {Faith Rampage rElec rF-
                  | Int+3}
 40693 | Desolati | Identified the +7 scimitar of Dust {elec, Fly rC+ Int+2
                  | Stlth-}
 40725 | Desolati | Reached XP level 20. HP: 202/217 MP: 19/19
 40744 | Desolati | Got the Vademecum on Turbulence and Anathema
 40749 | Desolati | Received a gift from Trog
 40767 | Desolati | Identified the staff of cold "Amexexzy" {rElec rC+ Dex+2
                  | Stlth+}
 40772 | Desolati | Identified the +1 flail of Qevum {flame, rPois Dex+4}
 40793 | Desolati | Identified the +3 trident of Desperation {protect, rC+}
 41083 | Elf:2    | Identified the +2 scale mail "Hysoe" {rC+ rN+ Str-2 Dex+3}
 41155 | Elf:2    | Noticed Louise
 41171 | Elf:2    | Killed Louise
 41187 | Elf:2    | Reached skill level 5 in Throwing
 41368 | Elf:2    | Found Wudopt's Gadget Gallery.
 41525 | Elf:2    | Found a runed translucent gate.
 41525 | Elf:2    | Found a runed translucent gate.
 41525 | Elf:2    | Found a runed translucent gate.
 41714 | Elf:3    | Entered Level 3 of the Elven Halls
 41714 | Elf:3    | Found Gam Ynte's Distillery.
 41747 | Elf:3    | Received a gift from Trog
 41842 | Elf:3    | Bought a potion of heal wounds for 80 gold pieces
 41842 | Elf:3    | Bought a potion of heal wounds for 80 gold pieces
 41842 | Elf:3    | Bought 2 potions of heal wounds for 160 gold pieces
 42045 | Elf:3    | Paralysed by an air elemental for 1 turns
 42050 | Elf:3    | Paralysed by an air elemental for 1 turns
 42639 | Elf:3    | Received a gift from Trog
 42852 | Elf:3    | Identified the +4 short sword of the Usurping Messenger
                  | {flame, rPois Str-4 Int+3}
 42866 | Elf:3    | Reached skill level 21 in Shields
 42931 | Elf:3    | Reached skill level 10 in Dodging
 42985 | Elf:3    | Identified the ring of Altruism {rElec rF- Int+6 Dex+3}
 43118 | Elf:3    | Identified the ring of the Many Violins {MP+9 Str+4}
 43125 | Elf:3    | Identified the +0 ring mail of the Harvest {Will- Str+6
                  | Int-3}
 43140 | Elf:3    | Identified the +2 broad axe of Discretion {speed, rN+}
 43158 | Elf:3    | Identified the +2 leather armour of Blue Divine Compulsion
                  | {rC+ Will+ Int+2 Dex+4}
 43498 | Elf:3    | Received a gift from Trog
 43642 | Elf:3    | Got Acvoa's Opusculum on Blinking Degeneration
 43644 | Elf:3    | Got the Papyrus of Mutated Skeletons
 43758 | Elf:3    | Identified the staff of death "Xorotuji" {*Slow rElec rN+
                  | rCorr}
 43760 | Elf:3    | Got the Precepts of the Cwm and Chilblains
 43780 | Elf:3    | Got the Catalogue of Vapourous Elsewhere
 44405 | Vaults:3 | Reached XP level 21. HP: 226/226 MP: 20/20
 45862 | Vaults:4 | Received a gift from Trog
 45908 | Vaults:4 | Reached skill level 22 in Shields
 46242 | Vaults:4 | Noticed Jory
 46256 | Vaults:4 | Killed Jory
 47313 | Vaults:4 | Found a runed translucent gate.
 47313 | Vaults:4 | Found a runed translucent gate.
 47313 | Vaults:4 | Found an opulent altar of Gozag.
 47313 | Vaults:4 | Found a runed translucent gate.
 47314 | Vaults:4 | Noticed Getoffmy's ghost (veteran GrFi)
 47315 | Vaults:4 | Found Mavuas's Assorted Antiques.
 47489 | Vaults:5 | Entered Level 5 of the Vaults
 47494 | Vaults:5 | Received a gift from Trog
 48183 | Vaults:5 | Reached XP level 22. HP: 238/238 MP: 21/21
 48187 | Vaults:5 | Reached skill level 23 in Shields
 48359 | Vaults:5 | Received a gift from Trog
 48590 | Vaults:5 | Found Cygec's Antique Armour Boutique.
 48606 | Vaults:5 | Noticed a golden dragon
 48617 | Vaults:5 | Killed a golden dragon
 48891 | Vaults:5 | Noticed a golden dragon
 48901 | Vaults:5 | Killed a golden dragon
 48915 | Vaults:5 | Noticed an ancient lich
 48938 | Vaults:5 | Killed an ancient lich
 49126 | Vaults:5 | Reached skill level 15 in Evocations
 49376 | Vaults:5 | Noticed a dread lich
 49390 | Vaults:5 | Killed a dread lich
 49706 | Vaults:5 | Identified the staff of poison "Wyirroer" {rPois rC+ Dex+3
                  | SInv}
 49754 | Vaults:5 | Noticed a golden dragon
 49767 | Vaults:5 | Killed a golden dragon
 49922 | Vaults:5 | Reached skill level 15 in Dodging
 50139 | Vaults:5 | Noticed an ancient lich
 50147 | Vaults:5 | Identified the amulet of the Tormentor {rC+ Will+ Regen+}
 50172 | Vaults:5 | Killed an ancient lich
 50260 | Vaults:5 | Identified the scarf "Iprihy" {harm, rN+ Int+3 Dex+3
                  | Stlth-}
 50264 | Vaults:5 | Identified the scarf of Gravitas {harm, rElec Str+3}
 50291 | Vaults:5 | Identified the +1 chain mail of Reutiupe {rElec rC+++ Int-4
                  | Dex-3}
 50419 | Vaults:5 | Identified the +3 scale mail of Recklessness {rN++}
 50420 | Vaults:5 | Identified the ring of Qoem {rPois Dex+6}
 50421 | Vaults:5 | Identified the +0 scale mail of Feral Tender Moments
                  | {Int+4}
 50562 | Vaults:5 | Noticed an ancient lich
 50573 | Vaults:5 | Noticed a dread lich
 50579 | Vaults:5 | Reached skill level 24 in Shields
 50579 | Vaults:5 | Killed an ancient lich
 50585 | Vaults:5 | Killed a dread lich
 50585 | Vaults:5 | Received a gift from Trog
 50831 | Vaults:5 | Got a silver rune of Zot
 50850 | Vaults:5 | Identified the +7 hand axe "Usiutomn" {holy, rN+ Will+
                  | Int+2}
 51451 | Depths:1 | Found a sparkling altar of Nemelex Xobeh.
 51468 | Depths:1 | Found a gateway to Hell.
 51493 | Depths:1 | Reached XP level 23. HP: 170/249 MP: 22/22
 51855 | Depths:1 | Noticed the Enchantress
 51864 | Depths:1 | Killed the Enchantress
 52324 | Depths:1 | Found a sacrificial altar of Ru.
 53388 | Depths:2 | Found a one-way gate to the infinite horrors of the Abyss.
 53467 | Depths:2 | Found a glowing golden altar of the Shining One.
 53904 | Depths:2 | Received a gift from Trog
 53958 | Depths:2 | Found a transporter.
 53962 | Depths:2 | Found a transporter.
 54199 | Depths:2 | Found a one-way gate leading to the halls of Pandemonium.
 54357 | Depths:2 | Found a viscous altar of Jiyva.
 54700 | Depths:3 | Found a bloodstained altar of Trog.
 54711 | Depths:3 | Found Kaghihoenu's Armour Emporium.
 54809 | Depths:3 | Identified the +4 morningstar "Waekky" {spect, *Rage rF-
                  | rCorr Int+4}
 54834 | Depths:3 | Found Inoac's Distillery.
 54836 | Depths:3 | Found Bant's Magic Scroll Emporium.
 54842 | Depths:3 | Found a one-way gateway to a ziggurat.
 54918 | Depths:3 | Bought a potion of heal wounds for 115 gold pieces
 54929 | Depths:3 | Bought a scroll of blinking for 180 gold pieces
 54929 | Depths:3 | Bought a scroll of acquirement for 1248 gold pieces
 54929 | Depths:3 | Acquired 938 gold pieces
 55296 | Depths:4 | Entered Level 4 of the Depths
 55404 | Depths:4 | Noticed Sojobo
 55406 | Depths:4 | Paralysed by an air elemental for 1 turns
 55407 | Depths:4 | Noticed Frederick
 55432 | Depths:4 | Killed Frederick
 55432 | Depths:4 | Paralysed by an air elemental for 1 turns
 55441 | Depths:4 | Paralysed by an air elemental for 1 turns
 55457 | Depths:4 | Killed Sojobo
 55687 | Depths:4 | Reached skill level 25 in Shields
 55728 | Depths:4 | Reached XP level 24. HP: 236/261 MP: 22/22
 55979 | Depths:4 | Found a gate to the Realm of Zot.
 56119 | Depths:4 | Received a gift from Trog
 56289 | Depths:4 | Identified the staff of cold "Bylaqo Siot" {rPois rC+ Int+3
                  | Dex-2 Stlth+}
 56289 | Depths:4 | Identified the ring "Caffuj" {Ice rCorr}
 56289 | Depths:4 | Noticed Josephina
 56306 | Depths:4 | Killed Josephina
 56547 | Zot:1    | Entered Level 1 of the Realm of Zot
 57855 | Zot:1    | You are sucked into a shaft and drop 1 floor!
 57883 | Zot:2    | Received a gift from Trog
 58853 | Zot:2    | Noticed an orb of fire
 58880 | Zot:2    | Killed an orb of fire
 58961 | Zot:3    | Reached XP level 25. HP: 273/273 MP: 22/22
 59638 | Zot:3    | Reached skill level 26 in Shields
 60733 | Zot:4    | Received a gift from Trog
 60944 | Zot:4    | Paralysed by you for 4 turns
 61259 | Zot:4    | Paralysed by you for 3 turns
 61355 | Zot:4    | Identified the +5 shortbow of Ascent {heavy, Will- Str+3
                  | Dex+3}
 62120 | Zot:5    | Entered Level 5 of the Realm of Zot
 62482 | Zot:5    | Noticed an orb of fire
 62489 | Zot:5    | Noticed an orb of fire
 62493 | Zot:5    | Noticed a Killer Klown
 62493 | Zot:5    | Gained mutation: You occasionally lose the ability to drink
                  | potions when taking damage. [an orb of fire]
 62494 | Zot:5    | Noticed a Killer Klown
 62501 | Zot:5    | Noticed a dread lich
 62708 | Zot:4    | Killed a dread lich
 62710 | Zot:5    | Gained mutation: You sometimes lose your temper in combat.
                  | [an orb of fire]
 62728 | Zot:4    | Killed an orb of fire
 62731 | Zot:4    | Killed an orb of fire
 62771 | Zot:4    | Lost mutation: You occasionally lose the ability to drink
                  | potions when taking damage. [potion of mutation]
 62771 | Zot:4    | Lost mutation: You sometimes lose your temper in combat.
                  | [potion of mutation]
 62771 | Zot:4    | Lost mutation: You are robust. (+10% HP) [potion of
                  | mutation]
 62771 | Zot:4    | Gained mutation: You are weak. (Str -2) [potion of
                  | mutation]
 62771 | Zot:4    | Gained mutation: You have an increased reservoir of magic.
                  | (+10% MP) [potion of mutation]
 62771 | Zot:4    | Gained mutation: You occasionally lose the ability to read
                  | scrolls when taking damage. [potion of mutation]
 62771 | Zot:4    | Gained mutation: You have large cloven feet. [potion of
                  | mutation]
 62772 | Zot:4    | Lost mutation: You are weak. (Str -2) [potion of mutation]
 62772 | Zot:4    | Lost mutation: You have an increased reservoir of magic.
                  | (+10% MP) [potion of mutation]
 62772 | Zot:4    | Gained mutation: You have supernaturally acute eyesight.
                  | (SInv) [potion of mutation]
 62773 | Zot:4    | Lost mutation: You have supernaturally acute eyesight.
                  | (SInv) [potion of mutation]
 62773 | Zot:4    | Lost mutation: You occasionally lose the ability to read
                  | scrolls when taking damage. [potion of mutation]
 62773 | Zot:4    | Lost mutation: You have large cloven feet. [potion of
                  | mutation]
 62773 | Zot:4    | Gained mutation: You have large cloven feet. [potion of
                  | mutation]
 62773 | Zot:4    | Gained mutation: You are vulnerable to cold. (rC-) [potion
                  | of mutation]
 62773 | Zot:4    | Gained mutation: Your system is resistant to poisons.
                  | (rPois) [potion of mutation]
 62773 | Zot:4    | Gained mutation: Your muscles are strong. (Str +4, Int/Dex
                  | -1) [potion of mutation]
 62776 | Zot:4    | Lost mutation: You are vulnerable to cold. (rC-) [potion of
                  | mutation]
 62776 | Zot:4    | Lost mutation: Your system is resistant to poisons. (rPois)
                  | [potion of mutation]
 62776 | Zot:4    | Gained mutation: You expend magic power (3 MP) to
                  | strengthen your wands. [potion of mutation]
 62776 | Zot:4    | Gained mutation: Your skin changes colour to match your
                  | surroundings (Stealth+). [potion of mutation]
 62777 | Zot:4    | Lost mutation: Your skin changes colour to match your
                  | surroundings (Stealth+). [potion of mutation]
 62777 | Zot:4    | Lost mutation: You expend magic power (3 MP) to strengthen
                  | your wands. [potion of mutation]
 62777 | Zot:4    | Lost mutation: Your muscles are strong. (Str +4, Int/Dex
                  | -1) [potion of mutation]
 62777 | Zot:4    | Gained mutation: You are frail. (-10% HP) [potion of
                  | mutation]
 62777 | Zot:4    | Gained mutation: Your spells are a little harder to cast,
                  | but a little more powerful. [potion of mutation]
 62969 | Zot:4    | Killed a Killer Klown
 63098 | Zot:5    | Killed a Killer Klown
 63612 | Zot:5    | Noticed an orb of fire
 63624 | Zot:5    | Gained mutation: You expend magic power (3 MP) to
                  | strengthen your wands. [an orb of fire]
 63625 | Zot:5    | Noticed an ancient lich
 63638 | Zot:5    | Killed an ancient lich
 63639 | Zot:5    | Reached XP level 26. HP: 134/234 MP: 22/22
 63687 | Zot:5    | Gained mutation: Your body sometimes deteriorates upon
                  | taking damage. [an orb of fire]
 63690 | Zot:5    | Gained mutation: Your body often deteriorates upon taking
                  | damage. [an orb of fire]
 63699 | Zot:5    | Killed an orb of fire
 63922 | Zot:5    | Noticed an orb of fire
 63928 | Zot:5    | Gained mutation: You have hidden genetic defects. [an orb
                  | of fire]
 63935 | Zot:5    | Killed an orb of fire
 63937 | Zot:5    | Noticed an orb of fire
 63938 | Zot:5    | Gained mutation: You are strong-willed. (Will+) [an orb of
                  | fire]
 63949 | Zot:5    | Gained mutation: You are clumsy. (Dex -2) [an orb of fire]
 63950 | Zot:5    | Gained mutation: You occasionally lose the ability to read
                  | scrolls when taking damage. [an orb of fire]
 63951 | Zot:5    | Killed an orb of fire
 64099 | Zot:5    | Lost mutation: Your spells are a little harder to cast, but
                  | a little more powerful. [potion of mutation]
 64099 | Zot:5    | Lost mutation: You have hidden genetic defects. [potion of
                  | mutation]
 64099 | Zot:5    | Gained mutation: You are resistant to electric shocks.
                  | (rElec) [potion of mutation]
 64099 | Zot:5    | Gained mutation: Your magical capacity is low. (-10% MP)
                  | [potion of mutation]
 64099 | Zot:5    | Gained mutation: You are covered in fur. (AC +1) [potion of
                  | mutation]
 64100 | Zot:5    | Lost mutation: You are covered in fur. (AC +1) [potion of
                  | mutation]
 64100 | Zot:5    | Lost mutation: You expend magic power (3 MP) to strengthen
                  | your wands. [potion of mutation]
 64100 | Zot:5    | Gained mutation: Your system is resistant to poisons.
                  | (rPois) [potion of mutation]
 64100 | Zot:5    | Gained mutation: You expend magic power (3 MP) to
                  | strengthen your wands. [potion of mutation]
 64100 | Zot:5    | Gained mutation: You are dopey. (Int -2) [potion of
                  | mutation]
 64101 | Zot:5    | Lost mutation: You are dopey. (Int -2) [potion of mutation]
 64101 | Zot:5    | Lost mutation: You are resistant to electric shocks.
                  | (rElec) [potion of mutation]
 64101 | Zot:5    | Lost mutation: You are frail. (-10% HP) [potion of
                  | mutation]
 64101 | Zot:5    | Gained mutation: You possess an exceptional clarity of
                  | mind. [potion of mutation]
 64102 | Zot:5    | Lost mutation: You are strong-willed. (Will+) [potion of
                  | mutation]
 64102 | Zot:5    | Lost mutation: You expend magic power (3 MP) to strengthen
                  | your wands. [potion of mutation]
 64102 | Zot:5    | Lost mutation: You occasionally lose the ability to read
                  | scrolls when taking damage. [potion of mutation]
 64102 | Zot:5    | Gained mutation: You are very clumsy. (Dex -4) [potion of
                  | mutation]
 64102 | Zot:5    | Gained mutation: Your muscles are strong. (Str +4, Int/Dex
                  | -1) [potion of mutation]
 64767 | Zot:5    | Noticed an orb of fire
 64782 | Zot:5    | Killed an orb of fire
 64783 | Zot:5    | Reached skill level 27 in Shields
 65062 | Zot:5    | Got the Orb of Zot
 65489 | D:11     | Noticed Joizebim the pandemonium lord
 65761 | D:$      | Escaped with the Orb!

Illustrated notes

Levels and vault maps discovered:
D:1:      minmay_arrival_loop, layout_rooms, serial_bayou_pond_a,
          minmay_misc_feat_cross
D:2:      layout_basic, shapermc_ecumenical_altar_mp_vishouse,
          ebering_dispersal_statue_hall, uniq_robin
D:3:      layout_loops_ring, mainiacjoe_overflow_six_doors_small, uniq_natasha,
          uniq_crazy_yiuf_cottage, uniq_terence
D:4:      layout_layer_cave, lemuel_round_altar, gup_sewer_entry_bubbles,
          grunt_ministairs_5, uniq_blork_the_orc, uniq_sigmund, uniq_duvessa
D:5:      layout_loops_corners, minmay_temple_entry_mist, uniq_grinder
D:6:      layout_basic, nicolae_ashenzari_skybound, serial_bayou_pond_a,
          minivault_23, kennysheep_cluttered_room, uniq_eustachio
D:7:      layout_loops_cross
D:8:      layout_loops_ring, minmay_manual_mullet
D:9:      layout_long_grid, nicolae_overflow_two_pavilions, david_lair_shrubbed,
          orc_0_dummy, enter_bailey_6, minmay_shop_grid_forest
D:10:     layout_basic, minmay_statue_bubble
D:11:     layout_big_octagon, nicolae_trove_entry_crystal
D:12:     layout_gridville
D:13:     layout_layer_cave, portal_ice_cave_entry_ice_simulacra,
          nicolae_stop_n_shop_2
D:14:     layout_basic, grunt_vaults_entry_tiered, tso_metal_star, uniq_azrael,
          uniq_nessos
D:15:     grunt_enter_depths_hoard, layout_gridville, skrybe_limestone_x
Lair:1:   layout_loops_ring, st_stairs_11, lemuel_centaur_altar, uniq_gastronok,
          uniq_maggie
Lair:2:   layout_chaotic_city, nicolae_swamp_entry_spooky,
          infiniplex_staircase_pool_2, grunt_megastairs_3, lemuel_fruit_fields
Lair:3:   layout_regular_city, minmay_snake_entry_guardpost_small
Lair:4:   layout_gridlike, disabler_island, serial_bayou_shore_b
Lair:5:   minmay_lair_end_enchanted_forest, layout_regular_city,
          minmay_slime_entry_oklob_open, basic_altar,
          nicolae_lair_grove_arrangements, kennysheep_rathole,
          serial_bayou_shore_b, lemuel_fruit_tree, uniq_urug
Swamp:1:  layout_basic_swamp, evilmike_swamp_ruin_house_2,
          nicolae_swamp_spriggan_camp
Swamp:2:  layout_basic_swamp, evilmike_swamp_ruin_house_6
Swamp:3:  layout_falls_marsh, nicolae_swamp_little_swirl,
          infiniplex_staircase_pool
Swamp:4:  swamp_alternative, layout_basic_swamp
Snake:1:  layout_honeycomb, nicolae_snake_gridmaze_big_u, uniq_frances
Snake:2:  layout_cave_town, minmay_shop_grove, nicolae_triple_integral
Snake:3:  layout_layer_cave, drop_trap, nicolae_snake_single_loop,
          nicolae_snake_storage_room, minmay_shop_star, serial_bayou_shore_a
Snake:4:  johnstein_snake_rune_scales, layout_cave_town, uniq_donald,
          uniq_aizul, uniq_vashnia
Orc:1:    layout_diamond_mine, mines2_david, uniq_fannar
Orc:2:    st_orc_town, layout_caves, special_room, elf_legates, uniq_erolcha
Elf:1:    eino_elf_arrival_the_gate, layout_loops_corners,
          minmay_elf_annihilation
Elf:2:    elven_hall_of_blades_hangedman_original [nooodl_blade_entry_preview],
          layout_gridlike, portal_desolation_entry_garden, nicolae_shop_gadgets,
          uniq_louise
Elf:3:    nooodl_elf_gasket, layout_geoelf_diagonals, serial_shops, shop,
          minivault_28
Vaults:1: grunt_vaults_focal, nicolae_vaults_inception_scallops,
          nicolae_vaults_hexular_roomagon, nicolae_vaults_theta,
          grunt_vaults_twisty, nicolae_vaults_door_testing_chamber, v_misc_33,
          vaults_room_boxed, v_rooms_1, vaults_room_stairs_pillars, v_pattern_5,
          nicolae_vaults_murder_corner, vaults_dpeg_diagonal,
          nicolae_vaults_trapezoid_4, vaults_room_fancy_cross,
          layout_vaults_big_cross, serial_shops, nicolae_diamond_shop
Vaults:2: minmay_crypt_entry_necro_gods, nicolae_vaults_apartment_2,
          ontoclasm_vaults_shout, v_rooms_6, nicolae_vaults_more_shelving_1,
          vaults_room_fancy_cross, nicolae_vaults_rhombus_6,
          nicolae_vaults_storage_closets_3, v_misc_4, nicolae_vaults_little_ls,
          vaults_room_grunt_arrival_ludios, layout_vaults_omnibox, uniq_zenata
Vaults:3: hangedman_vaults_restitches, v_misc_30, v_misc_15,
          nicolae_vaults_trapezoid_4, v_misc_12, v_misc_32,
          nicolae_vaults_storage_closets_1, nicolae_vaults_six-pack,
          ontoclasm_vaults_tryst, ontoclasm_vaults_gateway,
          layout_vaults_big_room, serial_shops, nicolae_shop_just_a_little_nook
Vaults:4: ebering_ghost_gozag, vaults_dpeg_doors, ontoclasm_vaults_hangar,
          nicolae_vaults_swerve, vaults_room_grid, nicolae_vaults_double_plus_2,
          nicolae_vaults_big_ls, nicolae_vaults_ninety_degrees,
          nicolae_vaults_rhombus_5, layout_vaults_quadrants, uniq_jory
Vaults:5: uniq_margery
Depths:1: layout_cave_pools, nicolae_ru_awakened_eye, grunt_hell_horde,
          nemelex_diamond_rough_becter, uniq_enchantress
Depths:2: gammafunk_jiyva_shrine, layout_gridville, abyss_entry,
          lemuel_tele_altar, pf_hell_entry_great_geh, rand_demon_pan_entry_4
Depths:3: nicolae_BIG_FREAKIN_CUBE, layout_cave_shapes, enter_ziggurat_e,
          serial_shops, shop, shop, shop, hangedman_tar_grid_catacomb,
          trog_three_pillars_becter, rand_demon_pan_entry_3, abyss_entry
Depths:4: evilmike_zot_entry_diamond, layout_cave_pools, minmay_misc_feat_doors,
          grunt_hell_entry_dis_grunt, serial_bayou_shore_b,
          serial_bayou_shore_b, uniq_josephina, uniq_sojobo, uniq_frederick
Zot:1:    kennysheep_blocky_room, layout_gridlike
Zot:2:    layout_gridlike, st_large_dragon_hoard_2
Zot:3:    kennysheep_six_static_rooms, layout_cathedral_of_symmetry
Zot:4:    gammafunk_mikee_crab_dinner, layout_concentric_octagons
Zot:5:    layout_cellular_growth

Skill      XL: |  1  2  3  4  5  6  7  8  9 10 11 12 13 14 15 16 17 18 19 20 21 22 23 24 25 26 |
---------------+-------------------------------------------------------------------------------+-----
Fighting       | 4 5 6 7 9 10 12 13 15 16 17 18 19 20 21 22 23 24 25 26 | 26.3
Axes           | 4 5 6 7 9 10 12 13 15 16 17 18 19 20 21 22 23 24 25 26 | 26.2
Armour         | 3 4 5 6 7 9 10 12 13 14 16 17 18 19 20 21 22 23 24 25 26 | 26.1
Dodging        | 3 4 5 6 8 11 13 15 17 18 19 | 19.9
Shields        | 2 5 7 9 11 13 14 16 17 18 19 20 21 22 24 25 26 27 | 27.0
Evocations     | 3 6 8 9 11 12 14 15 16 | 16.3
Throwing       | 4 8 9 |  9.3

Action                     |  1- 3 |  4- 6 |  7- 9 | 10-12 | 13-15 | 16-18 | 19-21 | 22-24 | 25-27 || total
---------------------------+-------+-------+-------+-------+-------+-------+-------+-------+-------++-------
  Melee: Hand axe          |    73 |   123 |    57 |       |       |       |       |       |       ||   253
         Punch             |     2 |       |     3 |     2 |       |       |       |       |       ||     7
         Headbutt          |     4 |    21 |    34 |    80 |   207 |   284 |   361 |   465 |   218 ||  1674
         Broad axe         |       |       |   183 |   346 |   979 |  1208 |  1276 |  1490 |   719 ||  6201
  Throw: Javelin           |       |       |       |       |     1 |     2 |     2 |     5 |     5 ||    15
 Invoke: Berserk           |     2 |     4 |     6 |    12 |    11 |    27 |    16 |    28 |    10 ||   116
         Trog's Hand       |       |     1 |     5 |     4 |    16 |    13 |    12 |    10 |     4 ||    65
         Brothers in Arms  |       |       |       |     1 |     1 |    12 |     4 |     8 |     5 ||    31
Ability: Evoke Invisibilit |       |       |       |       |       |       |       |     1 |       ||     1
  Evoke: Wand              |       |       |       |     7 |     1 |       |       |       |     8 ||    16
         Lightning rod     |       |       |       |     1 |       |       |       |       |       ||     1
         Condenser vane    |       |       |       |       |     1 |       |     1 |       |       ||     2
    Use: Scroll            |       |     6 |     8 |     7 |     6 |    15 |     7 |     3 |    18 ||    70
         Potion            |       |     6 |     2 |    10 |     1 |     4 |     8 |    14 |    12 ||    57
   Stab: Sleeping          |     1 |       |       |       |       |       |       |       |       ||     1
         Invisible         |       |       |       |     9 |       |       |    11 |       |       ||    20
         Distracted        |       |       |       |       |       |       |     2 |     2 |     1 ||     5
 Armour: Animal skin       |    12 |       |       |       |       |       |       |       |       ||    12
         Plate armour      |       |    69 |    14 |   227 |   334 |       |   300 |   579 |   221 ||  1744
         Scale mail        |       |       |   102 |    30 |       |       |       |       |       ||   132
         Chain mail        |       |       |       |    29 |    63 |   225 |       |       |       ||   317
         Swamp dragon scal |       |       |       |       |       |    29 |       |       |       ||    29
         Crystal plate arm |       |       |       |       |       |   148 |   195 |       |       ||   343
  Dodge: Dodged            |    54 |    49 |   170 |   188 |   257 |   253 |   248 |   381 |   190 ||  1790
  Block: Buckler           |       |       |       |     9 |       |       |       |       |       ||     9
         Kite shield       |       |       |       |   113 |   654 |   879 |       |       |       ||  1646
         Reflection        |       |       |       |       |       |    74 |    87 |    12 |       ||   173
         Tower shield      |       |       |       |       |       |   117 |  1254 |  1321 |   597 ||  3289
